 Dungeon Crawl Stone Soup version 0.24-a0-462-ge24419a6ad (console) character file.

Game seed: 7804271578875212793

0 Lexodia the Vexing (level 1, 0/13 HPs)
             Began as a Demonspawn Enchanter on July 1, 2019.
             Slain by a leopard gecko (4 damage)
             ... on level 1 of the Dungeon.
             The game lasted 00:00:24 (70 turns).

Lexodia the Vexing (Demonspawn Enchanter)             Turns: 70, Time: 00:00:24

Health: 0/13       AC:  2    Str:  8    XL:     1   Next: 8%
Magic:  2/3        EV: 12    Int: 16    God:
Gold:   12         SH:  0    Dex: 13    Spells: 3/4 levels left

rFire    . . .     SeeInvis .   h - +0 dagger (freeze)
rCold    . . .     Gourm    .   (no shield)
rNeg     . . .     Faith    .   b - +0 robe
rPois    .         Spirit   .   (no helmet)
rElec    .         Reflect  .   (no cloak)
rCorr    .         Harm     .   (no gloves)
MR       .....                  (no boots)
Stlth    ++........             (no amulet)
HPRegen  0.04/turn              (no ring)
MPRegen  0.08/turn              (no ring)

@: very slightly contaminated
A: no striking features
a: no special abilities


You were on level 1 of the Dungeon.
You were not hungry.

You visited 1 branch of the dungeon, and saw 1 of its levels.

You collected 12 gold pieces.

Inventory:

Hand Weapons
 a - a +1 dagger
 h - a +0 dagger of freezing (weapon)
Armour
 b - a +0 robe (worn)
Scrolls
 c - a scroll of amnesia {unknown}
 e - a scroll of identify {unknown}
 g - a scroll of remove curse {unknown}
Comestibles
 d - 2 rations
 f - a chunk of flesh


   Skills:
 + Level 0.8 Short Blades
 + Level 1.7 Dodging
 + Level 2.7 Stealth
 + Level 2.0 Spellcasting
 + Level 3.0 Hexes


You had 3 spell levels left.
You knew the following spells:

 Your Spells              Type           Power        Failure   Level  Hunger
a - Corona                Hex            ##.....      6%          1    #......

Your spell library contained the following spells:

 Spells                   Type           Power        Failure   Level  Hunger
 Ensorcelled Hibernation  Hex/Ice        #.....       17%         2    ###....
 Confuse                  Hex            ##......     19%         3    ###....
 Tukima's Dance           Hex            ##......     19%         3    ###....
 Dazzling Spray           Conj/Hex       #.....       32%         3    ###....


Dungeon Overview and Level Annotations

Branches:
Dungeon (1/15)

Altars:


Message History

You hit the leopard gecko but do no damage.
The leopard gecko completely misses you.
You closely miss the leopard gecko. The leopard gecko closely misses you.
The leopard gecko barely misses you.
You barely miss the leopard gecko.
The leopard gecko bites you but does no damage.
Casting: Corona (safe; 6% risk of failure)
Confirm with . or Enter, or press ? or * to list all spells.
Aiming: Corona (safe; 6% risk of failure)
Press: ? - help, Shift-Dir - straight line, f/p - leopard gecko
Aim: a leopard gecko (clinging, chance to defeat MR: 64%)
You miscast Corona.
You are very lightly contaminated with residual magic.
Nothing appears to happen.
The leopard gecko bites you but does no damage.
You miss the leopard gecko. The leopard gecko barely misses you.
You closely miss the leopard gecko. The leopard gecko barely misses you.
You closely miss the leopard gecko. The leopard gecko barely misses you.
You miss the leopard gecko. The leopard gecko bites you.
You die...

#....≈...≈...
...>.
#....≈.<.≈...
..?..
#....≈...≈...
......
#.(...≈≈≈....
.?....
#............
....#
##...........
...
##.........#
#l###
##.......##
#.@.#
##.....##
###.#
#.###.### #.#
##..# #.#
#.###..# #.#
#..##.#####.#
##......÷.>.#
#...#####..#
#.### #..#
#..# #....


You could see a leopard gecko.

Vanquished Creatures
  A bat (D:1)
1 creature vanquished.

Notes
Turn   | Place    | Note
-------+----------+-------------------------------------------
     0 | D:1      | Lexodia the Demonspawn Enchanter began the quest for the
                  | Orb.
     0 | D:1      | Reached XP level 1. HP: 13/13 MP: 3/3
    58 | D:1      | Huge Dmg: 5 dmg
    60 | D:1      | Huge Dmg: 2 dmg
    70 | D:1      | Slain by a leopard gecko

Levels and vault maps discovered:
D:1:      enne_arrival_octagon_isle, layout_rooms

Action                   || total
-------------------------++-------
Melee: Dagger            ||    18
 Cast: Corona            ||     3
Armor: Robe              ||     7
Dodge: Dodged            ||    13

Table legend:
 A = Non-vault XP
 B = Vault XP
 C = Vault XP percentage of total XP
 D = Non-vault monster count
 E = Vault monster count
 F = Vault count percentage of total count
                 A         B        C        D         E       F
            +---------+---------+-------+---------+---------+-------
      Total |       1 |       0 |   0.0 |       1 |       0 |   0.0
            +---------+---------+-------+---------+---------+-------
        D:1 |       1 |       0 |   0.0 |       1 |       0 |   0.0
            +---------+---------+-------+---------+---------+-------
